 Dungeon Crawl Stone Soup version 0.29.0-15-g675c0067aa (webtiles) character file.

Game seed: 5512077817692483694

169 qw the Chopper (level 5, -5/32 HPs)
             Began as a Gargoyle Fighter on Sept 12, 2022.
             Slain by a gnoll
             ... wielding a +0 halberd
              (7 damage)
             ... on level 3 of the Dungeon.
             The game lasted 00:00:53 (2373 turns).

qw the Chopper (Gargoyle Fighter)                   Turns: 2373, Time: 00:00:54

Health: -5/32      AC: 14    Str: 22    XL:     5   Next: 50%
Magic:  5/5        EV:  7    Int:  6    God:
Gold:   140        SH:  4    Dex:  9    Spells: 4/4 levels left

rFire   . . .      SeeInvis .   Y - +2 war axe
rCold   . . .      Faith    .   c - +0 buckler
rNeg    + . .      Spirit   .   j - +0 chain mail
rPois   inf        Reflect  .   h - +0 helmet
rElec   +          Harm     .   (no cloak)
rCorr   .          Rampage  .   (no gloves)
Will    .....      Clarity  +   (no boots)
Stlth   ..........              (no amulet)
HPRegen 0.10/turn               (no ring)
MPRegen 0.09/turn               (no ring)

@: no status effects
A: sickness immunity, AC +4, negative energy resistance 1, electricity
resistance, torment resistance 1, petrification resistance, clarity, dopey 1,
mutation resistance 1
a: no special abilities


You were on level 3 of the Dungeon.
You visited 1 branch of the dungeon, and saw 3 of its levels.

You collected 140 gold pieces.


Innate Abilities, Weirdness & Mutations

You are immune to sickness and miasma.
Your stone body is resilient. (AC +4)
You are immune to poison.
You resist negative energy. (rN+)
You are resistant to electric shocks. (rElec)
You are resistant to unholy torment.
You are immune to petrification.
You possess an exceptional clarity of mind.
You are dopey. (Int -2)
You are somewhat resistant to further mutation.


   Skills:
 + Level 3.4 Fighting
 - Level 5.0 Axes
 - Level 3.2 Armour
 - Level 3.2 Shields


You had 4 spell levels left.
You didn't know any spells.
Your spell library was empty.

Inventory:

Hand Weapons
 e - a +0 flail
 Y - a +2 war axe (weapon)
Armour
 c - a +0 buckler (worn)
 h - a +0 helmet (worn)
 j - a +0 chain mail (worn)
Potions
 d - a potion of might

Dungeon Overview and Level Annotations

Branches:
Dungeon (3/15)

Altars:

Shops:
D:1 [


Message History

You barely miss the gnoll. You slash the rat!
You kill the rat!
You feel yourself speed up. You block the gnoll's attack.
The gnoll hits you but does no damage.
The gnoll hits you from afar with a +0 halberd.
The gnoll hits you but does no damage.
The kobold throws a stone.
The stone hits you but does no damage.
You slash the gnoll!
You kill the gnoll!
The gnoll hits you but does no damage.
Your Axes skill increases to level 5!
The gnoll closely misses you. The gnoll hits you but does no damage.
Things that are here:
a +0 spear; a gnoll corpse You hit the gnoll.
The gnoll is lightly wounded.
You barely miss the gnoll. The gnoll hits you but does no damage.
The gnoll hits you with a +0 halberd. x2
The gnoll hits you but does no damage.
You closely miss the gnoll. You hit the gnoll but do no damage.
The gnoll hits you with a +0 halberd.
The kobold throws a stone.
The stone hits you but does no damage. The gnoll barely misses you.
You slash the gnoll!
The gnoll is heavily wounded.
You barely miss the gnoll. The gnoll barely misses you.
The gnoll hits you but does no damage.
You slash the gnoll!
You kill the gnoll!
You slash the gnoll! The gnoll hits you with a +0 halberd.
The kobold throws a stone.
The stone hits you but does no damage.
You hit the gnoll.
The gnoll is almost dead.
The gnoll hits you but does no damage.
The kobold throws a stone.
The stone hits you but does no damage. The gnoll barely misses you.
You hit the gnoll but do no damage.
The gnoll is almost dead.
You closely miss the kobold. You block the kobold's attack.
The gnoll hits you with a +0 halberd!
You die...

## .... #
#..... .##
#.#..##..#
#.#......#
. #.#.....#
... .#.....
.....##...#
._....)K.#
.....###@#
..K #)g# .
#[<# #..#
...##
#.....
#.....
.g.....
........#


You could see a gnoll and a kobold.

Vanquished Creatures
  Jessica (D:3)
  3 gnolls
  3 adders
  A worm (D:2)
  2 dart slugs (D:1)
  4 orcs (D:2)
  10 ball pythons
  A bat (D:1)
  7 endoplasms
  6 giant cockroaches
  7 goblins
  4 hobgoblins (D:1)
  5 jackals
  2 quokkas
  3 frilled lizards
  6 kobolds
  4 rats
69 creatures vanquished.

Notes
Turn   | Place    | Note
-------+----------+-------------------------------------------
     0 | D:1      | qw the Gargoyle Fighter began the quest for the Orb.
     0 | D:1      | Reached XP level 1. HP: 14/14 MP: 1/1
     0 | D:1      | 0 ||| qw: Version: 0.1-a-119-g272c26d
     0 | D:1      | 0 ||| qw: Game counter: 10852
     0 | D:1      | 0 ||| qw: Always use a shield: true
     0 | D:1      | 0 ||| qw: God list: Okawaru
     0 | D:1      | 0 ||| qw: Allow faded altars: false
     0 | D:1      | 0 ||| qw: Do Orc after D:15 true
     0 | D:1      | 0 ||| qw: Do second Lair branch before Depths: true
     0 | D:1      | 0 ||| qw: Lair rune preference: random
     0 | D:1      | 0 ||| qw: Plans: Normal, Zot, God:TSO, Crypt, Tomb, Pan,
                  | Slime, Hells, Zig, Abyss, Orb
     0 | D:1      | 0 ||| PLANNING D:1-11
    18 | D:1      | Reached skill level 2 in Axes
    68 | D:1      | Reached XP level 2. HP: 17/19 MP: 2/2
   295 | D:1      | 295 ||| Stepping ~*~*~tactically~*~*~ (hiding).
   346 | D:1      | Reached skill level 3 in Axes
   357 | D:1      | Reached XP level 3. HP: 10/23 MP: 3/3
   578 | D:1      | 578 ||| Stepping ~*~*~tactically~*~*~ (stealth).
   652 | D:1      | Found Zuesh's Antique Armour Boutique.
   661 | D:1      | 661 ||| SHOPLISTING chain mail (144 gold, have 54).
   661 | D:1      | 661 ||| SHOPLISTING fire dragon scales (1920 gold, have
                  | 54).
   661 | D:1      | 661 ||| SHOPLISTING glowing ring mail (224 gold, have 54).
   802 | D:1      | 802 ||| Stepping ~*~*~tactically~*~*~ (stealth).
   818 | D:1      | 818 ||| Stepping ~*~*~tactically~*~*~ (stealth).
   845 | D:1      | 845 ||| Stepping ~*~*~tactically~*~*~ (stealth).
   854 | D:1      | 854 ||| Stepping ~*~*~tactically~*~*~ (stealth).
  1128 | D:1      | 1128 ||| UPGRADING to +0 helmet.
  1133 | D:1      | 1133 ||| UPGRADING to +0 chain mail.
  1143 | D:1      | 1143 ||| DROPPING +0 scale mail.
  1144 | D:1      | 1144 ||| READING scroll labelled WEOLUARAF.
  1145 | D:1      | 1145 ||| DRINKING 2 glowing black potions.
  1145 | D:1      | Gained mutation: You are strong-willed. (Will+) [potion of
                  | mutation]
  1145 | D:1      | Gained mutation: You are frail. (-10% HP) [potion of
                  | mutation]
  1145 | D:1      | Gained mutation: Your flesh is cold resistant. (rC+)
                  | [potion of mutation]
  1146 | D:1      | 1146 ||| DRINKING potion of mutation.
  1146 | D:1      | Lost mutation: You are strong-willed. (Will+) [potion of
                  | mutation]
  1146 | D:1      | Lost mutation: Your flesh is cold resistant. (rC+) [potion
                  | of mutation]
  1146 | D:1      | Lost mutation: You are frail. (-10% HP) [potion of
                  | mutation]
  1146 | D:1      | Gained mutation: You are dopey. (Int -2) [potion of
                  | mutation]
  1146 | D:1      | Gained mutation: You are somewhat resistant to further
                  | mutation. [potion of mutation]
  1146 | D:1      | Gained mutation: You possess an exceptional clarity of
                  | mind. [potion of mutation]
  1341 | D:2      | Reached XP level 4. HP: 25/28 MP: 4/4
  1473 | D:2      | 1473 ||| READING scroll of enchant weapon.
  1473 | D:2      | 1473 ||| ENCHANTING +1 war axe.
  1574 | D:2      | Reached skill level 4 in Axes
  1828 | D:2      | 1828 ||| DROPPING +0 whip.
  2018 | D:2      | 2018 ||| READING scroll labelled TIZIRO AGOKI.
  2019 | D:2      | 2019 ||| READING scroll labelled ROPYUG EMIRES.
  2020 | D:2      | 2020 ||| DRINKING 2 blue potions.
  2021 | D:2      | 2021 ||| DROPPING potion of flight.
  2047 | D:3      | 2047 ||| STAIRDANCE
  2053 | D:3      | 2053 ||| STAIRDANCE
  2098 | D:3      | 2098 ||| STAIRDANCE
  2182 | D:3      | 2182 ||| STAIRDANCE
  2289 | D:3      | 2289 ||| STAIRDANCE
  2351 | D:3      | 2351 ||| Stepping ~*~*~tactically~*~*~ (hiding).
  2353 | D:3      | Found a faded altar of an unknown god.
  2353 | D:3      | Noticed Jessica
  2356 | D:3      | Killed Jessica
  2357 | D:3      | Reached XP level 5. HP: 29/32 MP: 5/5
  2367 | D:3      | Reached skill level 5 in Axes
  2368 | D:3      | HP: 7/32 [gnoll/+0 halberd (5)]
  2371 | D:3      | HP: 2/32 [gnoll/+0 halberd (4)]
  2373 | D:3      | Slain by a gnoll

Levels and vault maps discovered:
D:1:      lordsloth_arrival_two_stooges, layout_rooms, serial_shops, shop,
          minmay_vboxes
D:2:      layout_basic
D:3:      layout_rooms, minmay_overflow_temple_star_hex,
          ebering_ecumenical_altar_sacrificial, amcnicky_mini_corridor_feature,
          kennysheep_generic_room_10, uniq_jessica

Skill      XL: |  1  2  3  4  5 |
---------------+----------------+-----
Axes           | 2 3 4 5 |  5.0
Fighting       | |  3.4
Armour         | |  3.2
Shields        | |  3.2

Action                   |  1- 3 |  4- 6 || total
-------------------------+-------+-------++-------
Melee: War axe           |    88 |    83 ||   171
  Use: Potion            |     2 |     1 ||     3
       Scroll            |     1 |     3 ||     4
Armor: Scale mail        |    31 |       ||    31
       Chain mail        |     4 |    72 ||    76
Dodge: Dodged            |    44 |    47 ||    91
Block: Buckler           |    21 |    34 ||    55

Table legend:
 A = Non-vault XP
 B = Vault XP
 C = Vault XP percentage of total XP
 D = Non-vault monster count
 E = Vault monster count
 F = Vault count percentage of total count
                 A         B        C        D         E       F
            +---------+---------+-------+---------+---------+-------
      Total |     196 |      46 |  19.0 |      62 |       7 |  10.1
            +---------+---------+-------+---------+---------+-------
        D:1 |      60 |       9 |  13.0 |      30 |       6 |  16.7
        D:2 |      92 |       0 |   0.0 |      28 |       0 |   0.0
        D:3 |      44 |      37 |  45.7 |       4 |       1 |  20.0
            +---------+---------+-------+---------+---------+-------
